 Dungeon Crawl Stone Soup version 0.29-a0-823-gc37b1572da (webtiles) character file.

Game seed: 741994882695152475

135 bande the Covered (level 5, -1/33 HPs)
             Began as a Gargoyle Fighter on July 9, 2022.
             Slain by an orc
             ... wielding a +0 dagger
              (2 damage)
             ... on level 3 of the Dungeon.
             The game lasted 00:03:37 (2704 turns).

bande the Covered (Gargoyle Fighter)                Turns: 2704, Time: 00:03:38

Health: -1/33      AC: 15    Str: 19    XL:     5   Next: 18%
Magic:  5/5        EV:  7    Int:  9    God:
Gold:   178        SH:  4    Dex: 11    Spells: 4/4 levels left

rFire   . . .      SeeInvis .   a - +1 war axe
rCold   . . .      Faith    .   c - +0 buckler
rNeg    + . .      Spirit   .   k - +0 chain mail
rPois   ∞          Reflect  .   (no helmet)
rElec   +          Harm     .   n - +0 cloak
rCorr   .          Rampage  .   (no gloves)
Will    .....                   o - +0 pair of boots
Stlth   ..........              (no amulet)
HPRegen 0.11/turn               (no ring)
MPRegen 0.09/turn               (no ring)

@: mighty
A: sickness immunity, AC +4, negative energy resistance 1, electricity
resistance, torment resistance 1, petrification resistance
a: no special abilities


You were on level 3 of the Dungeon.
You visited 1 branch of the dungeon, and saw 4 of its levels.

You collected 178 gold pieces.

Inventory:

Hand Weapons
 a - a +1 war axe (weapon)
 m - a +3 hammer
Armour
 c - a +0 buckler (worn)
 k - a +0 chain mail (worn)
 n - a +0 cloak (worn)
 o - a +0 pair of boots (worn)
Jewellery
 e - an amulet of magic regeneration
Wands
 g - a wand of roots (4)
Scrolls
 b - a scroll of fear
Potions
 d - 2 potions of might
 f - 4 potions of curing
 h - a potion of berserk rage
 i - a potion of magic
 j - a potion of brilliance
 l - a potion of heal wounds {unknown}


   Skills:
 + Level 3.9 Fighting
 + Level 3.0 Axes
 + Level 4.2 Armour
 + Level 3.8 Shields
 * Level 1.1 Evocations


You had 4 spell levels left.
You didn't know any spells.
Your spell library contained the following spells:

 Spells                   Type           Power      Damage    Failure   Level
 Ozocubu's Armour         Ice            0%         N/A       100%        3
 Ozocubu's Refrigeration  Ice            0%         4d5       100%        7


Dungeon Overview and Level Annotations

Branches:
Dungeon (4/15)
 Temple: D:4-7

Altars:


Innate Abilities, Weirdness & Mutations

You are immune to sickness and miasma.
Your stone body is resilient. (AC +4)
You are immune to poison.
You resist negative energy. (rN+)
You are resistant to electric shocks. (rElec)
You are resistant to unholy torment.
You are immune to petrification.


Message History

a +3 quarterstaff of chaos; a +0 cloak; the gnoll corpse of Crazy Yiuf
Okay, then.
n - a +0 cloak You start putting on your armour.
You continue putting on your +0 cloak. x4
You finish putting on your +0 cloak.
As you read the scroll of identify, it crumbles to dust.
i - a potion of magic You see here a +3 hammer.
Done exploring.
Done exploring.
m - a +3 hammer
There is an open translucent door, spattered with blood here.
Things that are here:
a +3 quarterstaff of chaos; the gnoll corpse of Crazy Yiuf
There is a stone staircase leading up here.
You see here a +0 ring mail.
There is a stone staircase leading down here.
You climb downwards.
The ogre shouts!
The orc wizard shouts!
The orc shouts! x2
Found a gilded ring.
There is a stone staircase leading up here.
The orc wizard gestures wildly while chanting.
The orc wizard flickers and vanishes!
Deactivating autopickup; reactivate with Ctrl-A.
The ogre hits you with a +0 giant club! The orc hits you with a +0 dagger.
The orc hits you but does no damage. You block the orc wizard's attack.
You climb upwards.
Reactivating autopickup.
There is a stone staircase leading down here.
You feel very mighty all of a sudden. The orc completely misses you.
The orc barely misses you.
The orc wizard hits you but does no damage.
You closely miss the ogre. You slash the orc!
You kill the orc!
You hit the orc. You slash the orc wizard!
The ogre hits you with a +0 giant club!!
Ouch! That really hurt!
* * * LOW HITPOINT WARNING * * *
You block the orc wizard's attack. The orc hits you with a +0 dagger.
You die...

♣.♣♣ #.# #.# ##)## #.#
#.# #...# #.#
#.######### #...# #.#
#.##....... #...# #.#
#.##.#####. #####
###.### #......# #.
#.....# ####.#.# #.
#####..)..# #.#.###.
#.....@O..######....##.
#.###oo................
#.# #>.....######...###
##### #.# ###.#.#.##
##.## #
....#######.#####......#
#.#
###.............#.#.#..#
#.#
#.#####.#.#...##...#.#
#.# # #.#
#.#.......#.##.#####.# #
#.#
#....................#


You could see an ogre, an orc wizard and an orc.

Vanquished Creatures
  Crazy Yiuf (D:3)
  Terence (D:3)
  An adder (D:2)
  4 gnolls (D:2)
  2 dart slugs
  An orc (D:3)
  4 bats
  2 endoplasms (D:3)
  2 giant cockroaches
  2 goblins (D:2)
  2 hobgoblins (D:2)
  3 quokkas
  3 frilled lizards
  5 kobolds
  4 rats
37 creatures vanquished.

Notes
Turn   | Place    | Note
-------+----------+-------------------------------------------
     0 | D:1      | bande the Gargoyle Fighter began the quest for the Orb.
     0 | D:1      | Reached XP level 1. HP: 14/14 MP: 1/1
   160 | D:1      | Found a faded altar of an unknown god.
   396 | D:1      | Reached XP level 2. HP: 17/19 MP: 2/2
   952 | D:2      | Reached XP level 3. HP: 23/23 MP: 3/3
  1560 | D:2      | Reached XP level 4. HP: 29/29 MP: 4/4
  1617 | D:2      | Reached skill level 4 in Armour
  2363 | D:3      | Found a runed translucent door.
  2364 | D:3      | Noticed Crazy Yiuf
  2407 | D:3      | Noticed Terence
  2413 | D:3      | Killed Terence
  2414 | D:3      | Reached skill level 1 in Evocations
  2638 | D:3      | Killed Crazy Yiuf
  2639 | D:3      | Reached XP level 5. HP: 31/33 MP: 5/5
  2699 | D:4      | Noticed an ogre
  2704 | D:3      | HP: 1/33 [ogre/+0 giant club (20)]
  2704 | D:3      | Slain by an orc

Illustrated notes

Levels and vault maps discovered:
D:1:      ncdulo_smallfort, layout_loops_ring, shapermc_ecumenical_altar_venn
D:2:      layout_basic, minmay_randomly_rotated_circles
D:3:      layout_loops_ring, uniq_terence, uniq_crazy_yiuf_cottage
D:4:      layout_cave_pods, tgw_kikubaaqudgha, uniq_eustachio

Skill      XL: |  1  2  3  4 |
---------------+-------------+-----
Axes           | 2 3 |  3.0
Armour         | 4 |  4.2
Evocations     | 1 |  1.1
Fighting       | |  3.9
Shields        | |  3.8

Action                   |  1- 3 |  4- 6 || total
-------------------------+-------+-------++-------
Melee: War axe           |    60 |    48 ||   108
  Use: Scroll            |     6 |     4 ||    10
       Potion            |       |     1 ||     1
Armor: Scale mail        |    26 |    15 ||    41
       Chain mail        |       |    15 ||    15
Dodge: Dodged            |    36 |    26 ||    62
Block: Buckler           |    16 |    15 ||    31

Table legend: (Time is in decaauts)
 A = Elapsed time spent in this place.
 B = Non-inter-level travel time spent in this place.
 C = Inter-level travel time spent in this place.
 D = Time resting spent in this place.
 E = Time spent auto-exploring this place.
 F = Levels seen in this place.
 G = Mean time per level.
                   A        B        C        D        E       F      G
               +--------+--------+--------+--------+--------+-----+--------+
         Total |   2750 |   2645 |    105 |    371 |   1822 |   4 |  687.5 |
       Dungeon |   2750 |   2645 |    105 |    371 |   1822 |   4 |  687.5 |
               +--------+--------+--------+--------+--------+-----+--------+

Top non-repeatable levels by time:
     D:3: 1069 daAuts
     D:2: 855 daAuts
     D:1: 823 daAuts
     D:4: 2 daAuts
